Map: Catalyst LE

Players

Namshar

  • Race: Zerg Zerg
  • Spawn Location: 5:00

Serral - Winner!

  • Race: Zerg Zerg
  • Spawn Location: 11:00

Event: WCS Leipzig 2018

VOD

Have the link to the VOD?

Description

Time

  • Played on: Jan. 26, 2018, 1:09 p.m.
  • Length: 9:32

All games in this series

Show
View Real Time Build Order
Export as new Build Order

Namshar Zerg 

Build Orders: Hatch First, Zergling Baneling 

Get SALT Encoding   

  12  0:00  Drone  
  13  0:12  Overlord  
  13  0:17  Drone  
  14  0:30  Drone x2  
  14  0:34  Drone  
  17  0:51  Hatchery  
  17  0:54  Drone  
  17  0:57  Drone  
  17  1:03  Extractor  
  17  1:13  Spawning Pool  
  17  1:15  Drone  
  17  1:18  Drone  
  18  1:28  Drone  
  19  1:40  Overlord  
  19  1:49  Drone  
  20  1:59  Queen  
  20  2:00  Zergling x2  
  23  2:03  Metabolic Boost, Queen  
  23  2:06  Zergling x2  
  26  2:11  Drone  
  26  2:15  Drone  
  28  2:22  Drone  
  29  2:24  Drone  
  30  2:32  Drone  
  31  2:38  Hatchery  
  30  2:45  Drone, Baneling Nest  
  30  2:50  Overlord  
  30  2:55  Zergling x4  
  32  2:59  Zergling x2  
  32  3:04  Zergling x2  
  35  3:16  Hatchery  
  33  3:21  Zergling x14  
  40  3:35  Baneling x2, Drone  
  40  3:36  Drone  
  40  3:39  Zergling x2  
  40  3:40  Baneling x2  
  43  3:46  Hatchery  
  43  3:50  Baneling  
  43  3:52  Drone  
  44  3:57  Extractor  
  44  3:58  Overlord  
  44  3:59  Evolution Chamber  
  42  4:10  Drone x2  
  39  4:17  Drone x2  
  39  4:18  Drone  
  39  4:21  Zergling x6  
  40  4:25  Zergling x10  
  40  4:31  Zerg Missile Weapons Level 1  
  42  4:32  Queen  
  42  4:34  Zergling x2  
  45  4:39  Baneling x2  
  45  4:41  Zergling x2  
  45  4:42  Zergling x2  
  45  4:44  Baneling  
  39  4:57  Zergling x10  
  40  5:07  Zergling x6  
  42  5:14  Zergling x2  
  43  5:29  Drone x5  
  47  5:43  Roach Warren  
  47  5:44  Drone x5  
  49  5:54  Zergling x2  
  49  5:55  Zergling x4  
  49  6:06  Drone  
  49  6:07  Drone x2  
  46  6:19  Zergling x2  
  46  6:20  Zergling x10  
  46  6:25  Roach x3  
  57  6:26  Zergling x2  
  57  6:35  Zergling x2  
  57  6:49  Zerg Ground Armor Level 1  
  57  6:51  Overlord x4  
  57  6:52  Lair  
  57  7:05  Drone  
  57  7:07  Overlord  
  57  7:09  Extractor  
  57  7:10  Drone x3  
  57  7:11  Drone x3  
  57  7:13  Drone x2  
  64  7:18  Drone x3  
  64  7:22  Drone  
  68  7:30  Roach  
  68  7:31  Roach x4  
  78  7:40  Roach x3  
  82  7:47  Roach x3  
  88  7:55  Roach  
  88  7:56  Roach x4  
  90  7:59  Roach  
  91  8:06  Roach x2  
  95  8:14  Roach x2  
  95  8:19  Roach x2  
  95  8:25  Roach  
  95  8:26  Roach x2  
  95  8:34  Roach x2  
  94  8:46  Roach  
  94  8:47  Roach x4  
  77  9:04  Roach x3  
  77  9:08  Roach x2  
  79  9:19  Roach Warren  
Show
View Real Time Build Order
Export as new Build Order

Serral Zerg - Winner!

Build Orders: Hatch First 

Get SALT Encoding   

  12  0:00  Drone  
  13  0:13  Overlord  
  13  0:17  Drone  
  14  0:31  Drone x2  
  14  0:35  Drone  
  17  0:52  Hatchery  
  17  0:55  Drone  
  17  0:59  Drone  
  17  1:03  Extractor  
  17  1:14  Spawning Pool  
  17  1:17  Drone  
  17  1:20  Drone  
  18  1:28  Drone  
  19  1:41  Overlord  
  19  1:49  Drone  
  20  2:00  Queen  
  22  2:01  Zergling x2  
  22  2:03  Metabolic Boost  
  22  2:05  Queen  
  26  2:08  Zergling x2  
  26  2:11  Drone  
  26  2:14  Drone  
  28  2:24  Overlord  
  28  2:37  Hatchery  
  27  2:39  Drone  
  27  2:42  Zergling x2  
  27  2:44  Zergling x2  
  30  2:46  Zergling x2  
  30  2:49  Zergling x2  
  32  2:54  Zergling x2  
  32  2:58  Zergling x2  
  34  3:06  Overlord  
  34  3:08  Zergling x2  
  34  3:12  Baneling Nest  
  34  3:14  Zergling x6  
  36  3:20  Zergling x2  
  36  3:21  Zergling x2  
  36  3:22  Drone  
  36  3:25  Drone  
  40  3:27  Drone  
  41  3:36  Overlord  
  41  3:37  Drone  
  41  3:41  Drone  
  43  3:48  Drone x3  
  46  3:50  Drone x2  
  48  3:57  Baneling x3  
  48  3:58  Overlord  
  48  4:03  Baneling  
  48  4:06  Zergling x6  
  51  4:13  Drone  
  51  4:14  Drone x2  
  51  4:16  Drone  
  51  4:20  Drone  
  51  4:21  Drone  
  47  4:24  Baneling  
  47  4:25  Baneling  
  47  4:30  Zergling x2  
  47  4:31  Drone  
  47  4:32  Drone  
  47  4:35  Drone, Extractor x2  
  47  4:42  Roach Warren  
  46  4:46  Queen  
  46  4:49  Drone x2  
  48  4:53  Overlord  
  48  4:56  Zergling x2  
  48  5:00  Drone, Overlord  
  48  5:06  Drone x2  
  51  5:07  Drone  
  51  5:11  Baneling x2  
  51  5:12  Zergling x6  
  55  5:14  Drone  
  55  5:18  Overlord  
  55  5:20  Zergling x2  
  57  5:22  Zergling x2  
  57  5:29  Baneling x2  
  57  5:30  Zergling x2  
  57  5:32  Roach  
  57  5:33  Roach x2  
  64  5:36  Roach  
  64  5:37  Baneling  
  64  5:38  Baneling  
  64  5:41  Roach  
  64  5:42  Roach  
  70  5:46  Overlord  
  70  5:48  Roach  
  72  5:53  Roach x2  
  72  5:55  Roach  
  78  6:02  Drone  
  78  6:03  Drone x2  
  78  6:05  Drone x2  
  78  6:06  Drone  
  78  6:08  Drone  
  79  6:15  Drone x2  
  79  6:16  Drone  
  81  6:25  Evolution Chamber  
  80  6:27  Roach x2  
  84  6:34  Roach  
  84  6:35  Roach  
  84  6:38  Queen  
  90  6:44  Lair  
  87  6:50  Drone, Queen  
  87  6:52  Zerg Missile Weapons Level 1  
  89  6:55  Roach x2  
  91  7:02  Overlord  
  91  7:03  Overlord  
  90  7:09  Roach x4  
  98  7:16  Roach x4  
  106  7:24  Overlord  
  106  7:27  Roach x3  
  106  7:28  Baneling x2  
  112  7:31  Overlord  
  112  7:33  Overlord  
  112  7:41  Roach x3  
  118  7:45  Glial Reconstitution  
  118  7:47  Drone x6  
  124  7:51  Overlord  
  122  8:01  Drone x3  
  122  8:04  Extractor  
  124  8:06  Drone x2, Roach  
  124  8:07  Roach x3, Extractor  
  124  8:10  Roach  
  124  8:11  Roach x2  
  139  8:18  Roach x3  
  141  8:25  Roach x2  
  143  8:31  Roach x3  
  149  8:35  Overlord  
  149  8:40  Roach x2  
  151  8:43  Overlord  
  151  8:44  Overlord x2  
  151  8:45  Overlord  
  151  8:46  Overlord  
  149  8:53  Roach  
  149  8:54  Roach x2  
  141  8:58  Roach x3  
  137  9:06  Roach  
  137  9:07  Roach x3  
  141  9:13  Roach x4  
Tags
 
Add a new tag
Caveats
  • Supply blocks, unpowered buildings, or Contaminate may cause inaccurate times.
  • Supply counts are checked every 10 seconds.